 Dungeon Crawl Stone Soup version 0.27-a0-1123-g2f9bb313c0 (webtiles) character file.

Game seed: 2256277939033536619

39 snetch the Skirmisher (level 3, -1/33 HPs)
             Began as a Hill Orc Fighter on May 3, 2021.
             Killed from afar by an orc wizard (3 damage)
             ... with a puff of flame
             ... on level 4 of the Dungeon.
             The game lasted 00:01:29 (585 turns).

snetch the Skirmisher (Hill Orc Fighter)             Turns: 585, Time: 00:01:29

Health: -1/33      AC:  7    Str: 19    XL:     3   Next: 47%
Magic:  3/3        EV:  7    Int:  8    God:
Gold:   44         SH:  0    Dex: 10    Spells: 2/2 levels left

rFire    . . .     SeeInvis .   a - +0 war axe
rCold    . . .     Faith    .   c - +0 kite shield
rNeg     . . .     Spirit   .   b - +0 scale mail
rPois    .         Reflect  .   (no helmet)
rElec    .         Harm     .   (no cloak)
rCorr    .         Rampage  .   (no gloves)
Will     .....                  (no boots)
Stlth    ..........             (no amulet)
HPRegen  0.11/turn              (no ring)
MPRegen  0.08/turn              (no ring)

@: confused
A: no striking features
a: no special abilities


You were on level 4 of the Dungeon.
You visited 1 branch of the dungeon, and saw 4 of its levels.

You collected 44 gold pieces.

Inventory:

Hand Weapons
 a - a +0 war axe (weapon)
Missiles
 h - 25 arrows
Armour
 b - a +0 scale mail (worn)
 c - a +0 kite shield (worn)
Scrolls
 e - a scroll of noise {unknown}
 f - a scroll of amnesia {unknown}
 g - a scroll of fog {unknown}
Potions
 d - a potion of might


   Skills:
 + Level 4.0 Fighting
 + Level 3.2 Axes
 + Level 3.8 Armour
 + Level 0.2 Stealth
 + Level 3.7 Shields


You had 2 spell levels left.
You didn't know any spells.
Your spell library was empty.

Dungeon Overview and Level Annotations

Branches:
Dungeon (4/15)
 Temple: D:4-7

Altars:
Okawaru
Sif Muna


Message History

The orc wizard closely misses you.
A magic dart appears from out of thin air!
The magic dart hits you.
* * * LOW HITPOINT WARNING * * *
Unknown command.
You hit the orc wizard.
The orc wizard is almost dead.
The orc wizard barely misses you. x2; Something hits you but does no damage.
Unknown command.
You slash the orc wizard!
You kill the orc wizard!
You closely miss something. Something hits you but does no damage.
Your Fighting skill increases to level 4!
Your Axes skill increases to level 3!
You have reached level 3!
Your experience leads to an increase in your attributes!
Increase (S)trength, (I)ntelligence, or (D)exterity?
You feel stronger.
You hear some strange, mumbled words.
Something tries to affect you, but you resist.
Unknown command.
You hear some strange, mumbled words.
A magic dart appears from out of thin air!
The magic dart hits you.
* * * LOW HITPOINT WARNING * * *
You miss something.
Something hits you but does no damage. x2
You bump into the rock wall.
Something hits you but does no damage.
You feel less confused.
You closely miss something.
An orc wizard appears from thin air!
Reactivating autopickup.
The orc wizard gestures at you while chanting.
You are confused.
You hit the orc wizard.
The orc wizard is lightly wounded.
You hear the slow rusting of a drain nearby.
The orc wizard hits you with a +0 dagger.
* * * LOW HITPOINT WARNING * * *
The orc wizard gestures at you while chanting.
The puff of flame hits you.
You die...

..............#.....
#.#..#.#.#.
.############.# .#.#
#.#.##.#.#.
..###.....# # #
#.####.#.#.
..........# ###
###.#. ..........#
#.#. ..........# #.
..........##### #.
......#.##....# #.
......#.##..@.# #.
..#####.....o## #. .
......#.).# #.
#####.#.).# ## .
#...# ## #....
##.... #....# ...#.#


You could see an orc wizard.

Vanquished Creatures
  An orc wizard (D:4)
  A dart slug (D:3)
  2 orcs (D:4)
  3 endoplasms
  A giant cockroach (D:3)
  2 hobgoblins
10 creatures vanquished.

Notes
Turn   | Place    | Note
-------+----------+-------------------------------------------
     0 | D:1      | snetch the Hill Orc Fighter began the quest for the Orb.
     0 | D:1      | Reached XP level 1. HP: 19/19 MP: 1/1
     4 | D:2      | You fall into a shaft and drop 1 floor!
    21 | D:3      | Found an iron altar of Okawaru.
   303 | D:3      | Reached XP level 2. HP: 27/27 MP: 2/2
   427 | D:3      | Found a shimmering blue altar of Sif Muna.
   578 | D:4      | Reached skill level 4 in Fighting
   578 | D:4      | Reached XP level 3. HP: 7/33 MP: 3/3
   585 | D:4      | Killed from afar by an orc wizard

Illustrated notes

Levels and vault maps discovered:
D:1:      evilmike_arrival_hilbert_curve, layout_basic, serial_shops, shop
D:2:      layout_basic, serial_shops, shop, basic_altar, basic_ecumenical_altar,
          minmay_misc_feat_iff, uniq_crazy_yiuf_cottage, uniq_robin
D:3:      layout_loops_ring, okawaru_ov_weapons_minmay,
          grunt_temple_overflow_open
D:4:      cheibrodos_fertilizer, layout_basic, temple_pool_b,
          gup_sewer_entry_bubbles, uniq_natasha, uniq_eustachio

Skill      XL: |  1  2 |
---------------+-------+-----
Fighting       | 4 |  4.0
Axes           | 3 |  3.2
Armour         | |  3.8
Stealth        | |  0.2
Shields        | |  3.7

Action                   || total
-------------------------++-------
Melee: War axe           ||    31
Armor: Scale mail        ||    11
Dodge: Dodged            ||     4
Block: Kite shield       ||     7

Table legend: (Time is in decaauts)
 A = Elapsed time spent in this place.
 B = Non-inter-level travel time spent in this place.
 C = Inter-level travel time spent in this place.
 D = Time resting spent in this place.
 E = Time spent auto-exploring this place.
 F = Levels seen in this place.
 G = Mean time per level.
                   A        B        C        D        E       F      G
               +--------+--------+--------+--------+--------+-----+--------+
         Total |    602 |    602 |      0 |      0 |    439 |   4 |  150.5 |
       Dungeon |    602 |    602 |      0 |      0 |    439 |   4 |  150.5 |
               +--------+--------+--------+--------+--------+-----+--------+

Top non-repeatable levels by time:
     D:3: 447 daAuts
     D:4: 150 daAuts
     D:1: 4 daAuts
